 Dungeon Crawl Stone Soup version 0.22-a0-362-g535178c (webtiles) character file.

156 khargal the Cudgeler (level 5, 0/46 HPs)
             Began as a Draconian Monk on Apr 21, 2018.
             Slain by a worm (10 damage)
             ... on level 2 of the Dungeon.
             The game lasted 00:05:14 (1465 turns).

khargal the Cudgeler (Draconian Monk)               Turns: 1465, Time: 00:05:14

Health: 0/46       AC:  5    Str: 13    XL:     5   Next: 14%
Magic:  5/5        EV: 14    Int: 10    God:
Gold:   120        SH:  0    Dex: 15    Spells: 4/4 levels left

rFire    . . .     SeeInvis .   h - +0 whip
rCold    . . .     Gourm    .   (no shield)
rNeg     . . .     Faith    .   (armour unavailable)
rPois    .         Spirit   .   (helmet restricted)
rElec    .         Reflect  .   (no cloak)
rCorr    .         Harm     .   (no gloves)
MR       .....                  (no boots)
Stlth    ++........             (no amulet)
HPRegen  0.15/turn              (no ring)
MPRegen  0.09/turn              (no ring)

@: no status effects
A: unfitting armour, cold-blooded, AC +5
a: no special abilities


You were on level 2 of the Dungeon.
You were not hungry.

You visited 1 branch of the dungeon, and saw 2 of its levels.

You collected 120 gold pieces.

Inventory:

Hand Weapons
 a - a +0 mace
 h - a +0 whip (weapon)
Scrolls
 d - a scroll of immolation {unknown}
 g - 2 scrolls of remove curse
Potions
 f - a potion of resistance
 j - a potion of might
Comestibles
 b - 6 rations
 c - a chunk of flesh


   Skills:
 + Level 4.1 Fighting
 + Level 4.7 Maces & Flails
 + Level 3.5 Dodging
 - Level 2.0 Stealth


You had 4 spell levels left.
You didn't know any spells.

Dungeon Overview and Level Annotations

Branches:
Dungeon (2/15)

Altars:
Gozag
Kikubaaqudgha
Qazlal
Trog

Annotations:
D:2 Robin


Innate Abilities, Weirdness & Mutations

Your plain brown scales are hard. (AC +5)
You cannot fit into any form of body armour.
You are cold-blooded and may be slowed by cold attacks.


Message History

The bat hits you but does no damage. The bat closely misses you.
The worm bites you.
You hit the worm.
The worm is lightly wounded.
The bat hits you but does no damage.
You hit the worm.
The worm is moderately wounded.
The worm looks more energetic. x2; The bat closely misses you.
You hit the worm. You tail-slap the worm.
The worm is almost dead.
The bat closely misses you. The worm bites you.
You hit the worm.
You kill the worm!
The bat closely misses you. The bat barely misses you.
The bat looks more energetic.
The bat closely misses you. The worm bites you.
* * * LOW HITPOINT WARNING * * *
The bat hits you but does no damage. The worm misses you.
You closely miss the bat. The bat hits you but does no damage.
You miss the bat. The bat barely misses you. The worm bites you!
You die...

.(.............#
###########
##.###........## #.#
#.......## ####### #.#
#.......# #.....#
##.###.......# #.....#
....##.......#####.....####
....##.....................
....##(..........w..$......
....##..........@.b........
....##.......#####.....####
....##.......# #.....#
....##.......# #.....#
[...########## #.....#
....# #.....# ....# #.....#
....# #.....# ##.##


You could see a worm and a bat.

Vanquished Creatures
  An ogre (D:2)
  An adder (D:2)
  2 worms (D:2)
  A dart slug (D:1)
  2 leopard geckos
  A giant cockroach (D:2)
  9 goblins
  6 hobgoblins
  7 jackals
  9 kobolds
  A quokka (D:2)
  2 bats (D:1)
  4 frilled lizards
  A quokka skeleton (D:2)
  10 rats
57 creatures vanquished.

Notes
Turn   | Place    | Note
-------+----------+-------------------------------------------
     0 | D:1      | khargal the Draconian Monk began the quest for the Orb.
     0 | D:1      | Reached XP level 1. HP: 19/19 MP: 1/1
    62 | D:1      | Reached XP level 2. HP: 20/26 MP: 2/2
   429 | D:1      | Reached XP level 3. HP: 27/33 MP: 3/3
   522 | D:2      | Noticed an ogre
   537 | D:2      | Killed an ogre
   537 | D:2      | Reached XP level 4. HP: 31/40 MP: 4/4
   628 | D:2      | Found an ancient bone altar of Kikubaaqudgha.
   668 | D:2      | Found an opulent altar of Gozag.
   746 | D:2      | Noticed Robin
  1107 | D:2      | Reached XP level 5. HP: 45/46 MP: 5/5
  1148 | D:2      | Found a stormy altar of Qazlal.
  1414 | D:2      | Noticed a moth of wrath
  1417 | D:2      | Found a bloodstained altar of Trog.
  1465 | D:2      | Slain by a worm

Vault maps used:
D:1:      ncdulo_lavacross
D:2:      kiku_gazebo_garden_becter, lemuel_doored_altar, tgw_trog,
          first_ration, grunt_qazlal_clouds, uniq_robin

Skill      XL: |  1  2  3 |
---------------+----------+-----
Dodging        | 3 |  3.5
Stealth        | 2 |  2.0
Fighting       | 4 |  4.1
Maces & Flails | 4 |  4.7

Action                   |  1- 3 |  4- 6 || total
-------------------------+-------+-------++-------
Melee: Mace              |    58 |       ||    58
       Tailslap          |    10 |    18 ||    28
       Whip              |    31 |    99 ||   130
  Use: Scroll            |       |     5 ||     5
 Stab: Sleeping          |     2 |     2 ||     4
  Eat: Chunk             |       |     2 ||     2
Armor: Skin              |    20 |    32 ||    52
Dodge: Dodged            |    74 |    94 ||   168

Table legend:
 A = Spawn XP
 B = Non-spawn XP
 C = Spawn XP percentage of total XP
 D = Spawn monster count
 E = Non-spawn monster count
 F = Spawn count percentage of total count
 G = Total turns spent on level
                    A         B        C        D         E        F      G
               +---------+---------+-------+---------+---------+-------+---------
         Total |       0 |     223 |   0.0 |       0 |      57 |   0.0 |  1465
               +---------+---------+-------+---------+---------+-------+---------
           D:1 |       0 |      48 |   0.0 |       0 |      30 |   0.0 |   740
           D:2 |       0 |     175 |   0.0 |       0 |      27 |   0.0 |   725
               +---------+---------+-------+---------+---------+-------+---------
